 Dungeon Crawl Stone Soup version 0.21-a0-264-g3e31e41 (webtiles) character file.

37429 Atlas the Cruncher (level 13, -16/101 HPs)
             Began as a Barachi Ice Elementalist on Sept 10, 2017.
             Was the Champion of Cheibriados.
             Demolished by a red ugly thing (20 damage)
             ... on level 14 of the Dungeon.
             The game lasted 00:36:07 (17793 turns).

Atlas the Cruncher (Barachi Ice Elementalist)      Turns: 17793, Time: 00:36:08

Health: -16/101    AC: 13    Str: 24    XL:     13   Next: 96%
Magic:  6/26       EV: 24    Int: 35    God:    Cheibriados [******]
Gold:   945        SH:  0    Dex: 24    Spells: 15/31 levels left

rFire    . . .     SeeInvis +   V - staff of cold
rCold    + . .     Gourm    .   (no shield)
rNeg     + + +     Faith    +   h - +2 robe of the Peasants {rElec rN+++ Dex-5 Stlth-}
rPois    .         Spirit   .   n - +0 helmet
rElec    +         Reflect  .   e - scarf {repulsion}
rCorr    .         Harm     .   j - +2 pair of gloves
MR       +....                  (no boots)
Stlth    ++........             L - amulet of faith
HPRegen  0.26/turn              v - ring of see invisible
MPRegen  0.20/turn              x - +3 ring of protection

@: can't hop, repel missiles, very slow
A: +LOS, swims, thin metallic scales 1, magic resistance 1, electricity
resistance, slowness 1, strong legs 2
a: Hop, Bend Time, Temporal Distortion, Slouch, Step From Time, Renounce
Religion


You were on level 14 of the Dungeon.
You worshipped Cheibriados.
Cheibriados was exalted by your worship.
You were not hungry.

You visited 2 branches of the dungeon, and saw 15 of its levels.
You visited the Abyss 1 time.

You collected 945 gold pieces.

Inventory:

Hand Weapons
 y - a +0 quarterstaff of protection
 U - a +3 great mace
Missiles
 t - 12 javelins (quivered)
Armour
 e - a scarf of repulsion (worn)
 h - the +2 robe of the Peasants (worn) {rElec rN+++ Dex-5 Stlth-}
   (You found it on level 8 of the Dungeon)

   It affects your dexterity (-5).
   It insulates you from electricity.
   It renders you almost immune to negative energy.
   It makes you less stealthy.
 j - a +2 pair of gloves (worn)
 n - a +0 helmet (worn)
 u - a +0 troll leather armour
 A - +0 steam dragon scales
Magical Staves
 a - an uncursed staff of air
 V - an uncursed staff of cold (weapon)
Jewellery
 i - an uncursed ring of resist corrosion
 l - an uncursed ring of stealth
 r - an uncursed amulet of guardian spirit
 v - a ring of see invisible (left hand)
 x - a +3 ring of protection (right hand)
 K - a +4 ring of intelligence {unknown}
 L - an amulet of faith (around neck)
Wands
 D - a wand of flame (19/48)
 E - a wand of acid (5/15)
 F - a wand of digging (5/24)
 H - a wand of clouds (2/9)
 O - a wand of disintegration (13/24)
 Q - a wand of polymorph (14/24)
Scrolls
 k - 2 scrolls of remove curse
 o - 3 scrolls of recharging
 q - 3 scrolls of amnesia
 B - a scroll of fog {unknown}
 I - a scroll of immolation {unknown}
 J - a scroll of identify
 M - a scroll of enchant weapon {unknown}
 N - 3 scrolls of noise {unknown}
Potions
 s - 3 potions of flight
 w - 2 potions of brilliance
 G - 2 potions of cancellation
 P - a potion of might
 R - a potion of heal wounds {unknown}
 T - a potion of agility
 W - a potion of magic {unknown}
Books
 b - a book of Frost

   Spells                             Type                      Level
   a - Freeze                         Ice                          1
   b - Throw Frost                    Conjuration/Ice              2
   c - Ozocubu's Armour               Charms/Ice                   3
   d - Throw Icicle                   Conjuration/Ice              4
   e - Summon Ice Beast               Ice/Summoning                4
 z - a book of Party Tricks

   Spells                             Type                      Level
   a - Summon Butterflies             Summoning                    1
   b - Apportation                    Translocation                1
   c - Lesser Beckoning               Translocation                3
   d - Tukima's Dance                 Hexes                        3
   e - Alistair's Intoxication        Transmutation/Poison         5
   f - Invisibility                   Hexes                        6
 S - a book of Necromancy

   Spells                             Type                      Level
   a - Pain                           Necromancy                   1
   b - Animate Skeleton               Necromancy                   1
   c - Vampiric Draining              Necromancy                   3
   d - Regeneration                   Charms/Necromancy            3
   e - Animate Dead                   Necromancy                   4
   f - Control Undead                 Necromancy                   4
Miscellaneous
 C - a phial of floods
Comestibles
 c - 8 bread rations
 f - 13 fruits
 g - 4 meat rations
 m - 9 royal jellies


   Skills:
 + Level 9.4 Fighting
   Level 3.6 Long Blades
 + Level 2.1(8.9) Maces & Flails
 + Level 13.0(13.1) Staves
 + Level 4.3 Armour
 + Level 12.3 Dodging
 - Level 1.8 Stealth
 + Level 9.7 Spellcasting
 + Level 4.6 Conjurations
 + Level 4.6 Charms
 + Level 10.3 Ice Magic
 + Level 2.0 Invocations
 + Level 0.4 Evocations


You had 15 spell levels left.
You knew the following spells:

 Your Spells              Type           Power        Failure   Level  Hunger
a - Freeze                Ice            ####         1%          1    None
b - Throw Frost           Conj/Ice       ######       1%          2    None
c - Ozocubu's Armour      Chrm/Ice       #######.     1%          3    None
d - Throw Icicle          Conj/Ice       #######.     1%          4    None
e - Invisibility          Hex            ###.....     98%         6    #####..


Dungeon Overview and Level Annotations

Branches:
Dungeon (14/15)            Temple (1/1) D:4            Lair (0/6) D:10
    Orc (0/2) D:12         Vaults (0/5) D:14

Altars:
Ashenzari
Cheibriados
Dithmenos
Elyvilon
Fedhas
Gozag
Makhleb
Nemelex Xobeh
Okawaru
Qazlal
Ru
Vehumet
Xom
Yredelemnul
Jiyva

Shops:
D:10 [   D:13 (


Innate Abilities, Weirdness & Mutations

Shadows flee at your approach. (+LOS)
You can swim through water.
You cover ground slowly.
You can hop longer distances.
You are partially covered in thin metallic scales. (AC +2)
You are resistant to hostile enchantments. (MR+)
You are resistant to electric shocks. (rElec)


Message History

Okay, then.
You don't have enough magic at the moment.
The red ugly thing closely misses you. The red ugly thing misses you.
The red ugly thing kicks you but does no damage.
The red ugly thing closely misses you.
The red ugly thing completely misses you.
The red ugly thing misses you. The red ugly thing barely misses you.
The red ugly thing kicks you but does no damage.
The red ugly thing completely misses you. x2
The red ugly thing closely misses you. The red ugly thing headbutts you.
* * * LOW HITPOINT WARNING * * *
You are engulfed in flames!
* * * LOW HITPOINT WARNING * * *
The red ugly thing closely misses you.
Unknown command.
The red ugly thing headbutts you.
* * * LOW HITPOINT WARNING * * *
You are engulfed in flames!!
You die...

....#......#...............####..
....#......#...............# #..
....#......#...............# #..
....#...)..#...............# #..
....#......#...............# ###
....#......##......C#####).#
....#.......#.......# #..#
###.#.......#...uu).# #..# #
#.#.......#...@...# #... #
#.#.......#.......# #.... #
#.'.......#.......'... ...# #
#.#.......#.......#...# #
#.'.......#.......#...#
###.#########.......# ..#
.##..........>......# ..#
.##.................# '#
.<................... .


You could see a fire giant and 2 ugly things.

Vanquished Creatures
  The ghost of fooot the Markscentaur, a journeyman CeHu of Okawaru (D:12)
  Erolcha (D:12)
  A hydra (D:12)
  2 vault guards (D:14)
  8 centaur warriors
  A two-headed ogre (D:14)
  The ghost of Atlas the Geomancer, a novice OpEE of Sif Muna (D:9)
  Nergalle (D:10)
  Sonja (D:10)
  2 unseen horrors (D:11)
  A wizard (D:14)
  A phantasmal warrior (D:14)
  A necromancer (D:14)
  9 ugly things
  The ghost of Jeffwins the Carver, a novice OpFi (D:5)
  3 centaur skeletons
  2 gargoyles
  An efreet (D:14)
  4 trolls
  A queen bee (D:8)
  2 hornets
  5 slime creatures
  A meliai zombie (D:14)
  7 hippogriffs
  2 wyverns (D:14)
  2 vampires
  A shadow (D:13)
  18 humans (D:14)
  A basilisk (D:14)
  2 hungry ghosts
  17 yaks
  A steam dragon (D:10)
  2 vampire mosquitoes (D:13)
  A soldier ant (D:14)
  Purgy (D:3)
  3 ice beasts
  2 orc warriors
  A phantom (D:7)
  A necrophage (D:10)
  2 sky beasts
  An eye of draining (D:14)
  13 centaurs
  5 ogres
  3 wolves (D:10)
  3 big kobolds
  11 bullfrogs
  A scorpion (shapeshifter) (D:14)
  4 scorpions
  A water moccasin skeleton (D:4)
  20 killer bees
  8 howler monkeys
  2 electric eels (D:10)
  13 wights
  5 crimson imps
  2 bullfrog zombies
  2 centaur zombies
  A quasit (D:9)
  6 jellies
  6 orc priests
  16 hounds
  8 orc wizards
  4 bullfrog skeletons
  2 iguanas
  8 worker ants
  A hound skeleton (D:7)
  A worker ant zombie (D:11)
  14 adders
  A shadow imp (D:5)
  2 white imps
  8 worms
  2 dart slugs
  6 leopard geckos
  27 orcs
  9 bats
  4 giant cockroaches
  9 goblins
  8 hobgoblins
  4 jackals (D:7)
  2 quokkas (D:4)
  4 frilled lizards
  18 kobolds
  2 quokka skeletons (D:4)
  A rat (D:2)
383 creatures vanquished.

Notes
Turn   | Place    | Note
-------+----------+-------------------------------------------
     0 | D:1      | Atlas the Barachi Ice Elementalist began the quest for the Orb.
     0 | D:1      | Reached XP level 1. HP: 13/13 MP: 3/3
   262 | D:1      | Reached XP level 2. HP: 19/19 MP: 3/5
   804 | D:2      | Reached XP level 3. HP: 20/24 MP: 2/7
  1458 | D:2      | Learned a level 2 spell: Throw Frost
  1461 | D:2      | Reached XP level 4. HP: 26/30 MP: 3/8
  1518 | D:2      | Reached skill level 1 in Armour
  1757 | D:2      | Learned a level 3 spell: Ozocubu's Armour
  2185 | D:3      | Noticed Purgy
  2580 | D:3      | Killed Purgy
  2580 | D:3      | Reached skill level 1 in Fighting
  2580 | D:3      | Reached XP level 5. HP: 16/37 MP: 0/10
  2635 | D:3      | HP: 1/37 [poisoned by a kobold]
  2640 | D:3      | HP: 1/37 [poisoned by a kobold]
  3263 | D:3      | Reached skill level 5 in Ice Magic
  3307 | D:3      | Reached XP level 6. HP: 43/43 MP: 8/11
  3528 | D:3      | Found a sacrificial altar of Ru.
  3768 | D:4      | Learned a level 4 spell: Throw Icicle
  4429 | D:4      | Reached XP level 7. HP: 37/49 MP: 2/13
  4504 | D:4      | Found a staircase to the Ecumenical Temple.
  4718 | Temple   | Entered the Ecumenical Temple
  4741 | Temple   | Became a worshipper of Cheibriados the Contemplative
  4849 | D:4      | Reached skill level 5 in Spellcasting
  5098 | D:5      | Entered Level 5 of the Dungeon
  5255 | D:5      | Reached skill level 1 in Charms
  5255 | D:5      | Reached XP level 8. HP: 37/57 MP: 3/16
  5511 | D:5      | Reached * piety under Cheibriados
  5550 | D:5      | Noticed Jeffwins's ghost (novice OpFi)
  5575 | D:5      | Killed Jeffwins's ghost
  5575 | D:5      | Reached skill level 2 in Staves
  5895 | D:5      | Found a shattered altar of Ashenzari.
  6192 | D:6      | Reached skill level 3 in Staves
  6473 | D:6      | Reached XP level 9. HP: 60/62 MP: 18/18
  6836 | D:7      | Reached skill level 4 in Staves
  6849 | D:7      | Reached skill level 5 in Dodging
  6901 | D:7      | Reached ** piety under Cheibriados
  6970 | D:7      | Reached skill level 5 in Staves
  7273 | D:7      | Found a shimmering altar of Xom.
  7637 | D:8      | Got an opalescent robe
  7669 | D:7      | Identified the +2 robe of the Peasants {rElec rN+++ Dex-5 Stlth-} (You found it on level 8 of the Dungeon)
  7874 | D:8      | Reached skill level 6 in Staves
  7889 | D:8      | Reached *** piety under Cheibriados
  7927 | D:8      | Noticed a queen bee
  7931 | D:8      | Reached XP level 10. HP: 29/72 MP: 14/19
  7944 | D:8      | HP: 3/72 [poisoned by a killer bee]
  7949 | D:8      | HP: 2/72 [poisoned by a killer bee]
  7954 | D:8      | HP: 2/72 [poisoned by a killer bee]
  7960 | D:8      | HP: 3/72 [poisoned by a killer bee]
  8335 | D:8      | Reached skill level 7 in Staves
  8382 | D:8      | Reached **** piety under Cheibriados
  8707 | D:8      | Reached skill level 5 in Fighting
  8859 | D:8      | Reached skill level 8 in Staves
  9357 | D:9      | Noticed Atlas's ghost (novice OpEE)
  9380 | D:9      | Killed Atlas's ghost
  9980 | D:9      | Reached ***** piety under Cheibriados
  9988 | D:9      | Reached XP level 11. HP: 79/81 MP: 17/22
  9996 | D:9      | Reached skill level 9 in Staves
 10554 | D:10     | Entered Level 10 of the Dungeon
 10726 | D:10     | Found a staircase to the Lair.
 10763 | D:10     | Learned a level 6 spell: Invisibility
 10777 | D:10     | Noticed a centaur warrior
 10798 | D:10     | Killed a centaur warrior
 10927 | D:10     | Found Unih's Antique Armour Shop.
 10940 | D:10     | Reached skill level 10 in Staves
 10975 | D:10     | Noticed Sonja
 10980 | D:10     | Killed Sonja
 10991 | D:10     | Noticed Nergalle
 11013 | D:10     | Noticed a spectral orc warlord
 11050 | D:10     | Cast into level 2 of the Abyss (spectral orc warlord)
 11118 | Abyss:2  | Noticed a large abomination
 11122 | Abyss:2  | Noticed a starcursed mass
 11139 | D:10     | Escaped the Abyss
 11165 | D:10     | Killed Nergalle
 11187 | D:10     | Got a scorched war axe
 11261 | D:10     | Identified the cursed +0 war axe of Overwhelming Force {freeze, Int+4} (You found it on level 10 of the Dungeon)
 12024 | D:11     | Killed an unseen horror
 12254 | D:11     | Noticed a centaur warrior
 12269 | D:11     | Killed a centaur warrior
 12269 | D:11     | Reached skill level 10 in Dodging
 12286 | D:11     | Noticed a cyan ugly thing
 12307 | D:11     | Killed a cyan ugly thing
 12307 | D:11     | Reached XP level 12. HP: 42/91 MP: 9/24
 12315 | D:11     | Gained mutation: You are resistant to hostile enchantments. (MR+) [mutagenic meat]
 12316 | D:11     | Gained mutation: You are partially covered in thin metallic scales. (AC +2) [mutagenic meat]
 12317 | D:11     | Gained mutation: You are resistant to electric shocks. (rElec) [mutagenic meat]
 12414 | D:11     | Noticed a centaur warrior
 12440 | D:11     | Killed a centaur warrior
 12676 | D:11     | Reached ****** piety under Cheibriados
 13025 | D:12     | Noticed a centaur warrior
 13035 | D:12     | Killed a centaur warrior
 13035 | D:12     | Reached skill level 11 in Staves
 13867 | D:12     | Found a staircase to the Orcish Mines.
 13915 | D:12     | Noticed a centaur warrior
 13916 | D:12     | Noticed Erolcha
 13916 | D:12     | Noticed a four-headed hydra
 13928 | D:12     | Killed a centaur warrior
 14213 | D:12     | Killed a four-headed hydra
 14549 | D:12     | Killed Erolcha
 15084 | D:12     | Noticed fooot's ghost (journeyman CeHu)
 15117 | D:12     | Killed fooot's ghost
 15434 | D:13     | Noticed a centaur warrior
 15458 | D:13     | Killed a centaur warrior
 15487 | D:13     | Gained mutation: You can hop longer distances. [Barachi growth]
 15487 | D:13     | Reached XP level 13. HP: 64/98 MP: 26/26
 15659 | D:13     | Found Ciaqarodd's Weapon Shoppe.
 15681 | D:13     | Reached skill level 1 in Invocations
 15726 | D:13     | Reached skill level 12 in Staves
 16068 | D:13     | Found a viscous altar of Jiyva.
 16304 | D:14     | Noticed a fire giant
 16558 | D:14     | Reached skill level 10 in Ice Magic
 17055 | D:14     | Reached skill level 1 in Maces & Flails
 17135 | D:14     | Found a gate to the Vaults.
 17135 | D:14     | Noticed a vault guard
 17135 | D:14     | Noticed a vault guard
 17334 | D:14     | Killed a vault guard
 17527 | D:14     | Reached skill level 13 in Staves
 17618 | D:14     | Killed a vault guard
 17792 | D:14     | HP: 5/101 [red ugly thing (14)]
 17793 | D:14     | Demolished by a red ugly thing

Vault maps used:
D:1:      nzn_arrival_settlement
D:2:      minmay_small_reverse_x
D:3:      minmay_door_path, first_bread, nicolae_ru_the_path_less_chosen,
          uniq_purgy
D:4:      minmay_temple_entry_trees
D:5:      lemuel_tele_altar
D:7:      xom_teletrap_fun
D:8:      david_nohive_1
D:10:     erik_lair_island, serial_shops, shop, uniq_nergalle, uniq_sonja
D:12:     orc_0_dummy, serial_corexii_hall, corexii_hall_statues_l,
          corexii_hall_statues_u, uniq_erolcha
D:13:     serial_shops, shop, jiyva_altar_1
D:14:     grunt_vaults_entry_tiered, minmay_radiant
Temple:   compressed_dpeg_circular_temple
Abyss:2:  bh_abyss_exit_grid
Abyss:3:  guppyfry_abyss_exit_imp_island, due_exit_kobolds

Skill      XL: |  1  2  3  4  5  6  7  8  9 10 11 12 13 |
---------------+----------------------------------------+-----
Ice Magic      | 4 5 6 7 8 9 10 | 10.3
Spellcasting   | 3 4 5 6 7 8 9 |  9.7
Armour         | 1 2 4 |  4.3
Fighting       | 1 2 4 5 7 8 9 |  9.4
Long Blades    | 2 3 |  3.6
Dodging        | 3 4 6 8 10 11 12 | 12.3
Charms         | 1 2 3 4 |  4.6
Staves         | 3 6 8 10 11 13 | 13.0
Conjurations   | 2 3 4 |  4.6
Invocations    | 2 |  2.0
Maces & Flails | 2 |  2.1
Stealth        | |  1.8
Evocations     | |  0.4

Action                   |  1- 3 |  4- 6 |  7- 9 | 10-12 | 13-15 || total
-------------------------+-------+-------+-------+-------+-------++-------
Melee: Unarmed           |    29 |     7 |       |       |       ||    36
       Long sword        |       |    67 |    33 |       |       ||   100
       Staff             |       |     1 |       |       |    32 ||    33
       Quarterstaff      |       |       |   386 |   958 |   378 ||  1722
       Great mace        |       |       |       |       |    33 ||    33
Throw: Tomahawk          |       |     2 |       |       |       ||     2
       Javelin           |       |       |       |     4 |       ||     4
 Cast: Freeze            |    44 |    82 |    35 |    20 |     4 ||   185
       Throw Frost       |       |     5 |       |       |     1 ||     6
       Ozocubu's Armour  |       |     9 |    12 |    47 |    20 ||    88
       Throw Icicle      |       |       |     6 |    62 |    57 ||   125
Invok: Slouch            |       |       |       |     2 |     2 ||     4
 Abil: Hop               |       |     2 |     2 |     5 |     2 ||    11
Evoke: Wand              |       |       |       |     3 |       ||     3
  Use: Scroll            |       |     6 |     6 |    12 |     2 ||    26
       Potion            |       |     5 |     3 |     4 |       ||    12
 Stab: Sleeping          |       |     1 |     2 |     3 |       ||     6
       Distracted        |       |       |       |     1 |       ||     1
       Invisible         |       |       |       |     1 |       ||     1
  Eat: Chunk             |     2 |    11 |     9 |     9 |     1 ||    32
       Bread ration      |       |       |       |     3 |     1 ||     4
Armor: Robe              |     4 |       |    48 |   398 |   173 ||   623
       Leather armour    |    10 |    71 |   273 |       |       ||   354
       Skin              |       |       |    32 |    28 |       ||    60
Dodge: Dodged            |    46 |   129 |   496 |  1063 |   586 ||  2320
       Deflected         |       |       |       |    27 |     7 ||    34
       Rpst.: Long sword |       |    22 |    11 |       |       ||    33

Table legend:
 A = Spawn XP
 B = Non-spawn XP
 C = Spawn XP percentage of total XP
 D = Spawn monster count
 E = Non-spawn monster count
 F = Spawn count percentage of total count
 G = Total turns spent on level
                    A         B        C        D         E        F      G
               +---------+---------+-------+---------+---------+-------+---------
         Total |       0 |   53471 |   0.0 |       0 |     383 |   0.0 | 17793
               +---------+---------+-------+---------+---------+-------+---------
           D:1 |       0 |      14 |   0.0 |       0 |      10 |   0.0 |   817
           D:2 |       0 |     104 |   0.0 |       0 |      23 |   0.0 |  1374
           D:3 |       0 |     219 |   0.0 |       0 |      28 |   0.0 |  1748
           D:4 |       0 |     554 |   0.0 |       0 |      16 |   0.0 |  1120
           D:5 |       0 |    1031 |   0.0 |       0 |      17 |   0.0 |   937
           D:6 |       0 |     453 |   0.0 |       0 |      10 |   0.0 |   559
           D:7 |       0 |    1155 |   0.0 |       0 |      31 |   0.0 |  1249
           D:8 |       0 |    3842 |   0.0 |       0 |      49 |   0.0 |  1677
           D:9 |       0 |    3209 |   0.0 |       0 |      19 |   0.0 |  1057
          D:10 |       0 |    4729 |   0.0 |       0 |      28 |   0.0 |  1122
          D:11 |       0 |    5869 |   0.0 |       0 |      26 |   0.0 |  1549
          D:12 |       0 |    9174 |   0.0 |       0 |      32 |   0.0 |  2034
          D:13 |       0 |    5214 |   0.0 |       0 |      38 |   0.0 |  1073
          D:14 |       0 |   17893 |   0.0 |       0 |      55 |   0.0 |  1349
       Abyss:3 |       0 |      11 |   0.0 |       0 |       1 |   0.0 |    15
               +---------+---------+-------+---------+---------+-------+---------
